 Dungeon Crawl Stone Soup version 0.28.0-45-g0d030f2227 (webtiles) character file.

Game seed: 6890026451816364300

78 Ablot the Grasshopper (level 4, -2/38 HPs)
             Began as a Gnoll Warper on Apr 7, 2022.
             Slain by Sigmund
             ... wielding a +0 scythe
              (11 damage)
             ... on level 2 of the Dungeon.
             The game lasted 00:02:04 (2148 turns).

Ablot the Grasshopper (Gnoll Warper)                Turns: 2148, Time: 00:02:05

Health: -2/38      AC:  3    Str: 12    XL:     4   Next: 36%
Magic:  11/11      EV: 12    Int: 13    God:
Gold:   87         SH:  0    Dex: 11    Spells: 11/13 levels left

rFire   . . .      SeeInvis .   a - +0 spear
rCold   . . .      Faith    .   (no shield)
rNeg    . . .      Spirit   .   b - +0 leather armour
rPois   .          Reflect  .   (no helmet)
rElec   .          Harm     .   (no cloak)
rCorr   .          Rampage  .   (no gloves)
Will    .....                   (no boots)
Stlth   +.........              (no amulet)
HPRegen 0.12/turn               (no ring)
MPRegen 0.12/turn               (no ring)

@: no status effects
A: fangs 1, strong nose, distributed training
a: no special abilities


You were on level 2 of the Dungeon.
You visited 1 branch of the dungeon, and saw 2 of its levels.

You collected 87 gold pieces.

Inventory:

Hand Weapons
 a - a +0 spear (weapon)
Missiles
 d - 5 boomerangs of dispersal (quivered)
 h - 18 arrows
 n - 42 stones
Armour
 b - a +0 leather armour (worn)
Scrolls
 c - a scroll of blinking
 e - 3 scrolls of identify {unknown}
 k - a scroll of fog {unknown}
 l - a scroll of teleportation {unknown}
 p - a scroll of silence {unknown}
 q - a scroll of amnesia {unknown}
Potions
 f - a potion of invisibility {unknown}
 g - a potion of mutation {unknown}
 i - a potion of attraction {unknown}
 j - 3 potions of magic {unknown}
 m - a potion of resistance {unknown}
 o - a potion of heal wounds {unknown}


   Skills:
 + Level 4.6 Fighting
 + Level 1.1 Short Blades
 + Level 1.1 Long Blades
 + Level 1.1 Axes
 + Level 1.1 Maces & Flails
 + Level 4.6 Polearms
 + Level 1.1 Staves
 + Level 1.1 Slings
 + Level 1.1 Bows
 + Level 1.1 Crossbows
 + Level 2.7 Throwing
 + Level 2.7 Armour
 + Level 4.6 Dodging
 + Level 1.1 Stealth
 + Level 1.1 Shields
 + Level 1.1 Unarmed Combat
 + Level 5.0 Spellcasting
 + Level 0.8 Conjurations
 + Level 0.8 Hexes
 + Level 0.8 Summonings
 + Level 0.8 Necromancy
 + Level 5.4 Translocations
 + Level 0.8 Transmutations
 + Level 0.8 Fire Magic
 + Level 0.8 Ice Magic
 + Level 0.8 Air Magic
 + Level 0.8 Earth Magic
 + Level 0.8 Poison Magic
 + Level 1.2 Invocations
 + Level 1.1 Evocations


You had 11 spell levels left.
You knew the following spells:

 Your Spells              Type           Power      Damage    Failure   Level
a - Blink                 Tloc           34%        N/A       3%          2

Your spell library contained the following spells:

 Spells                   Type           Power      Damage    Failure   Level
 Gell's Gravitas          Tloc           17%        N/A       8%          3
 Lesser Beckoning         Tloc           17%        N/A       8%          3
 Teleport Other           Tloc           17%        N/A       8%          3
 Manifold Assault         Tloc           17%        N/A       56%         5


Dungeon Overview and Level Annotations

Branches:
Dungeon (2/15)

Altars:

Shops:
D:1 =

Annotations:
D:2 Sigmund


Innate Abilities, Weirdness & Mutations

You have very sharp teeth.
Your uncanny sense of smell can sniff out nearby items.
Your experience applies equally to all skills.


Message History

No target in view!
No target in view!
No target in view!
No target in view!
You see here an adder corpse.
Found an escape hatch in the ceiling.
A kobold comes into view. It is wielding a +0 short sword.
The kobold shouts!
The kobold throws a stone.
The stone hits you.
Sigmund the Dreaded comes into view.
He is wielding a +0 scythe.
Sigmund casts a spell.
Sigmund flickers and vanishes!
Deactivating autopickup; reactivate with Ctrl-A.
The kobold throws a stone.
The stone closely misses you.
You reach to attack!
You closely miss the kobold.
The kobold throws a stone.
The stone closely misses you.
You reach to attack!
You hit the kobold but do no damage.
The kobold throws a stone.
The stone hits you but does no damage.
You reach to attack!
You hit the kobold.
The kobold is severely wounded.
You closely miss the kobold.
The kobold is severely wounded.
Something hits you. The kobold hits you but does no damage.
You closely miss the kobold.
The kobold is severely wounded.
The kobold hits you with a +0 short sword.
You hit the kobold.
You kill the kobold!
Something hits you!
Unknown command.
Things that are here:
a +0 short sword; 2 stones; a kobold corpse You hit something.
Something hits you but does no damage.
You hit something. Something hits you!
* * * LOW HITPOINT WARNING * * *
You hit something.
An endoplasm comes into view.
The endoplasm quivers.
You hit something. Something hits you!
You die...

.#......##......##∆##.....
........##.......# #......
##......##....#.## ##.#...
...<.........#### ∆ ####..
............##∆ ∆ ∆##.
...J......#..# ####..
..........#...# ##.#...
..........# ... #......
.........@# ..# ∆##.....
........{.#... ..###..<♣.♣
###...........#..#..#.♣.♣
#...........+.......♣.♣
..♣.♣.♣#.....#..........
...... ....#....##.....
..♣... ....#....##.....
...... ....#....##.##..
#...........


You could see an endoplasm.

Vanquished Creatures
  Terence (D:2)
  An adder (D:2)
  A worm (D:2)
  2 dart slugs (D:1)
  3 endoplasms
  4 goblins
  3 hobgoblins (D:2)
  3 jackals (D:1)
  5 kobolds (D:2)
  3 quokkas
  5 ball pythons
  2 bats (D:2)
  2 frilled lizards
  A rat (D:2)
36 creatures vanquished.

Vanquished Creatures (others)
  2 plants (D:2)
2 creatures vanquished.

Grand Total: 38 creatures vanquished

Notes
Turn   | Place    | Note
-------+----------+-------------------------------------------
     0 | D:1      | Ablot the Gnoll Warper began the quest for the Orb.
     0 | D:1      | Reached XP level 1. HP: 20/20 MP: 6/6
   103 | D:1      | Reached XP level 2. HP: 24/26 MP: 7/7
   154 | D:1      | Learned a level 2 spell: Blink
   420 | D:1      | Found Ajostih's Jewellery Shop.
   652 | D:1      | Found a faded altar of an unknown god.
  1096 | D:2      | Reached XP level 3. HP: 31/31 MP: 9/9
  1102 | D:2      | Reached skill level 5 in Spellcasting
  1155 | D:2      | Noticed Terence
  1359 | D:2      | Reached skill level 1 in Invocations
  1532 | D:2      | Killed Terence
  1533 | D:2      | Reached skill level 1 in Short Blades
  1533 | D:2      | Reached skill level 1 in Long Blades
  1533 | D:2      | Reached skill level 1 in Axes
  1533 | D:2      | Reached skill level 1 in Maces & Flails
  1533 | D:2      | Reached skill level 1 in Staves
  1533 | D:2      | Reached skill level 1 in Slings
  1533 | D:2      | Reached skill level 1 in Bows
  1533 | D:2      | Reached skill level 1 in Crossbows
  1533 | D:2      | Reached skill level 1 in Stealth
  1533 | D:2      | Reached skill level 1 in Shields
  1533 | D:2      | Reached skill level 1 in Unarmed Combat
  1533 | D:2      | Reached skill level 1 in Evocations
  1533 | D:2      | Reached XP level 4. HP: 16/38 MP: 11/11
  2136 | D:2      | Noticed Sigmund
  2148 | D:2      | Slain by Sigmund

Illustrated notes

Levels and vault maps discovered:
D:1:      tarquinn_simple_flora_water_e, layout_loops_ring, serial_shops, shop,
          hellmonk_ecumenical_altar_heavens_door, minmay_tetromino_l2
D:2:      layout_basic, serial_forest, infiniplex_forest_lined_3,
          infiniplex_forest_lined_room_2, infiniplex_forest_lined_room_,
          infiniplex_forest_clump_long, infiniplex_forest_straight_1,
          infiniplex_forest_clump_diagonal, infiniplex_forest_join,
          infiniplex_forest_lined_2, minmay_fractal_squares_gapless_5,
          uniq_sigmund, uniq_crazy_yiuf_cottage, uniq_terence

Skill      XL: |  1  2  3 |
---------------+----------+-----
Spellcasting   | 5 |  5.0
Invocations    | 1 |  1.2
Short Blades   | 1 |  1.1
Long Blades    | 1 |  1.1
Axes           | 1 |  1.1
Maces & Flails | 1 |  1.1
Staves         | 1 |  1.1
Slings         | 1 |  1.1
Bows           | 1 |  1.1
Crossbows      | 1 |  1.1
Stealth        | 1 |  1.1
Shields        | 1 |  1.1
Unarmed Combat | 1 |  1.1
Evocations     | 1 |  1.1
Fighting       | |  4.6
Polearms       | |  4.6
Throwing       | |  2.7
Armour         | |  2.7
Dodging        | |  4.6
Conjurations   | |  0.8
Hexes          | |  0.8
Summonings     | |  0.8
Necromancy     | |  0.8
Translocations | |  5.4
Transmutations | |  0.8
Fire Magic     | |  0.8
Ice Magic      | |  0.8
Air Magic      | |  0.8
Earth Magic    | |  0.8
Poison Magic   | |  0.8

Action                   |  1- 3 |  4- 6 || total
-------------------------+-------+-------++-------
Melee: Spear             |   147 |    18 ||   165
       Bite              |     8 |       ||     8
       Punch             |     2 |       ||     2
 Stab: Sleeping          |     1 |     1 ||     2
Armor: Leather armour    |    16 |     4 ||    20
Dodge: Dodged            |    74 |     6 ||    80
